 Dungeon Crawl Stone Soup version 0.20-a0-923-g548304e (webtiles) character file.

84 Klosterheim the Ruffian (level 4, -2/39 HPs)
             Began as a Troll Earth Elementalist on Mar 26, 2017.
             Slain by an orc
             ... wielding a +0 war axe
              (5 damage)
             ... on level 3 of the Dungeon.
             The game lasted 00:03:15 (1331 turns).

Klosterheim the Ruffian (Troll Earth Elementalist)  Turns: 1331, Time: 00:03:16

Health: -2/39      AC:  5    Str: 16    XL:     4   Next: 23%
Magic:  4/4        EV: 10    Int: 12    God:
Gold:   142        SH:  0    Dex: 10    Spells: 4/5 levels left

rFire    . . .     SeeInvis .     - Unarmed
rCold    . . .     Gourm    +   (no shield)
rNeg     . . .     Faith    .   c - +0 robe
rPois    .         Spirit   .   (helmet restricted)
rElec    .         Reflect  .   (no cloak)
rCorr    .         Harm     .   (gloves unavailable)
MR       .....                  (boots unavailable)
Stlth    +.........             g - amulet of magic regeneration
Regen    0.6/turn               (no ring)
MPRegen  0.2/turn               (no ring)

@: no status effects
A: unfitting armour, claws 3, fast metabolism 3, gourmand, regeneration 1,
shaggy fur 1, tough skin 2
a: no special abilities


You were on level 3 of the Dungeon.
You were completely stuffed.

You visited 1 branch of the dungeon, and saw 3 of its levels.

You collected 142 gold pieces.

Inventory:

Missiles
 b - 103 stones (quivered)
Armour
 c - a +0 robe (worn)
Jewellery
 g - an amulet of magic regeneration (around neck)
Scrolls
 a - 2 scrolls of identify {unknown}
 f - 2 scrolls of enchant armour {unknown}
 i - a scroll of fear {unknown}
 j - a scroll of remove curse {unknown}
 m - 2 scrolls of recharging {unknown}
Potions
 h - 4 potions of heal wounds {unknown}
 k - a potion of haste {unknown}
Books
 e - a book of Geomancy

   Spells                             Type                      Level
   a - Sandblast                      Earth                        1
   b - Passwall                       Transmutation/Earth          2
   c - Stone Arrow                    Conjuration/Earth            3
   d - Petrify                        Transmutation/Earth          4
   e - Lee's Rapid Deconstruction     Earth                        5
Comestibles
 d - 2 bread rations
 l - a chunk of flesh
 n - a royal jelly


   Skills:
 - Level 1.5 Dodging
 - Level 1.0 Stealth
 + Level 3.9 Unarmed Combat
 - Level 1.2 Spellcasting
   Level 0.6 Transmutations
 - Level 2.6 Earth Magic


You had 4 spell levels left.
You knew the following spells:

 Your Spells              Type           Power        Failure   Level  Hunger
a - Sandblast             Erth           #.....       12%         1    ##.....


Dungeon Overview and Level Annotations

Branches:
Dungeon (3/15)

Altars:


Innate Abilities, Weirdness & Mutations

You are too large for most types of armour.
You have claws for hands.
Your metabolism is lightning-fast.
You like to eat raw meat.
Your natural rate of healing is unusually fast.
You are covered in fur. (AC +1)
You have very tough skin. (AC +2)


Message History

The bat hits you but does no damage. The orc barely misses you.
You barely miss the orc priest.
The orc priest is moderately wounded.
The bat hits you. The bat hits you but does no damage.
The orc priest calls down the wrath of Beogh upon you.
Beogh smites you!
You are too injured to fight recklessly!
You are too injured to fight recklessly!
You scratch the orc priest but do no damage.
The orc priest is moderately wounded.
The bat barely misses you. The orc priest closely misses you.
The orc closely misses you.
You barely miss the orc priest.
The orc priest is moderately wounded.
The bat barely misses you.
The orc priest mumbles some strange prayers to Beogh against you.
Pain shoots through your body!
* * * LOW HITPOINT WARNING * * *
The orc hits you with a war axe.
You die...

.# .. .# ##
.######
#.###......#
#..........
##.........
#.<@o.#[..
.....$#.bo......
.....##...###.#.
#..## #...# # #.
..... . ###.###
#.# #..


You could see an orc priest, an orc and a bat.

Vanquished Creatures
  3 adders (D:2)
  An adder zombie (D:2)
  A dart slug (D:1)
  A leopard gecko (D:1)
  2 orcs
  2 ball pythons (D:2)
  2 bats
  2 giant cockroaches (D:1)
  7 goblins
  5 hobgoblins
  3 jackals (D:2)
  A quokka (D:2)
  4 frilled lizards
  2 giant cockroach zombies (D:2)
  6 kobolds
  6 rats
48 creatures vanquished.

Notes
Turn   | Place    | Note
-------+----------+-------------------------------------------
     0 | D:1      | Klosterheim the Troll Earth Elementalist began the quest for the Orb.
     0 | D:1      | Reached XP level 1. HP: 16/16 MP: 1/1
   121 | D:1      | Reached skill level 1 in Unarmed Combat
   281 | D:1      | Reached XP level 2. HP: 24/24 MP: 2/2
   301 | D:1      | Reached skill level 2 in Unarmed Combat
   751 | D:2      | Reached XP level 3. HP: 31/31 MP: 3/3
   853 | D:2      | Reached skill level 3 in Unarmed Combat
   943 | D:2      | Found a faded altar of an unknown god.
  1153 | D:2      | Reached XP level 4. HP: 39/39 MP: 4/4
  1331 | D:3      | Slain by an orc

Vault maps used:
D:1:      saegor_arrival_miasma, serial_park_tiny_pond
D:2:      chequers_ecumenical_altar_grove, serial_undead, serial_undead_a,
          serial_undead_a, serial_undead_c, serial_undead_b
D:3:      lemuel_round_altar, first_bread, uniq_iyjb

Skill      XL: |  1  2  3 |
---------------+----------+-----
Unarmed Combat | 1 2 3 |  3.9
Dodging        | |  1.5
Stealth        | |  1.0
Spellcasting   | |  1.2
Transmutations | |  0.6
Earth Magic    | |  2.6

Action                   |  1- 3 |  4- 6 || total
-------------------------+-------+-------++-------
Melee: Unarmed           |    93 |    40 ||   133
       Punch             |     1 |       ||     1
 Cast: Sandblast         |     1 |       ||     1
 Stab: Sleeping          |     1 |       ||     1
  Eat: Chunk             |    16 |     2 ||    18
Armor: Robe              |    28 |    23 ||    51
Dodge: Dodged            |    45 |    41 ||    86
